 Dungeon Crawl Stone Soup version 0.26-a0-720-g2a1d101370 (webtiles) character file.

Game seed: 16247671980614460156

149 Decritt the Covered (level 5, -2/33 HPs)
             Began as a Gargoyle Fighter on Nov 2, 2020.
             Killed by divine providence
             ... invoked by an orc priest
              (13 damage)
             ... on level 3 of the Dungeon.
             The game lasted 00:05:32 (2046 turns).

Decritt the Covered (Gargoyle Fighter)              Turns: 2046, Time: 00:05:33

Health: -2/33      AC: 14    Str: 21    XL:     5   Next: 31%
Magic:  5/5        EV:  7    Int:  8    God:
Gold:   177        SH:  9    Dex:  9    Spells: 4/4 levels left

rFire    . . .     SeeInvis .   b - +0 whip
rCold    . . .     Faith    .   c - +0 kite shield
rNeg     + . .     Spirit   .   p - +0 scale mail
rPois    ∞         Reflect  .   (no helmet)
rElec    +         Harm     .   (no cloak)
rCorr    .         Rampage  .   n - +0 pair of gloves
MR       .....                  i - +1 pair of boots
Stlth    ..........             (no amulet)
HPRegen  0.11/turn              (no ring)
MPRegen  0.09/turn              (no ring)

@: no status effects
A: negative energy resistance 1, electricity resistance, unbreathing,
petrification resistance, rot immunity, AC +4
a: no special abilities


You were on level 3 of the Dungeon.
You visited 1 branch of the dungeon, and saw 3 of its levels.

You collected 177 gold pieces.

Inventory:

Hand Weapons
 a - a +0 flail
 b - a +0 whip (weapon)
Missiles
 l - 28 poisoned darts (quivered)
Armour
 c - a +0 kite shield (worn)
 i - a +1 pair of boots (worn)
 n - a +0 pair of gloves (worn)
 p - a +0 scale mail (worn)
Scrolls
 e - 3 scrolls of blinking {unknown}
 f - 4 scrolls of identify {unknown}
 h - a scroll of teleportation {unknown}
 k - a scroll of random uselessness {unknown}
 m - a scroll of noise {unknown}
 q - a scroll of remove curse {unknown}
Potions
 d - a potion of might
 g - 2 potions of curing {unknown}
 j - a potion of mutation {unknown}
 o - a potion of ambrosia {unknown}
 r - a potion of cancellation {unknown}


   Skills:
 + Level 4.0 Fighting
 * Level 3.6 Maces & Flails
 + Level 4.1 Armour
 + Level 4.1 Shields


You had 4 spell levels left.
You didn't know any spells.
Your spell library contained the following spells:

 Spells                   Type           Power        Failure   Level
 Animate Skeleton         Necr           #.....       99%         1
 Apportation              Tloc           #.....       99%         1
 Corona                   Hex            #......      99%         1
 Summon Small Mammal      Summ           #...         99%         1


Dungeon Overview and Level Annotations

Branches:
Dungeon (3/15)

Altars:
Cheibriados
Makhleb


Innate Abilities, Weirdness & Mutations

You are resistant to torment.
Your stone body is resilient. (AC +4)
You are immune to poison.
You resist negative energy. (rN+)
You are resistant to electric shocks. (rElec)
You can survive without breathing.
You are immune to petrification.
You are immune to rotting.


Message History

The orc priest mumbles some strange prayers to Beogh against you.
Beogh smites you!
You hit the kobold.
The kobold is severely wounded.
The kobold barely misses you. The kobold hits you but does no damage.
You closely miss the kobold.
The kobold is heavily wounded.
The orc priest begins to cast a cantrip, but forgets the words!
The kobold hits you but does no damage. You block the kobold's attack.
You see here a +0 leather armour.
The orc priest invokes the aid of Beogh against you.
Beogh smites you!
* * * LOW HITPOINT WARNING * * *
The orc priest looks satisfied for a moment.
The orc wizard mumbles some strange words.
The orc wizard blinks!
The orc priest calls down the wrath of Beogh upon you.
Beogh smites you!
You die...

#######.#### #[...........###
#.# #<............... #.#
##.####.####.#### #.#
##...###.# #.#
###)#######...).##.## #.#
#....o.......o......# #.#
#.#..##(..##K>...#.#.###.##
###. ##.##.#.o........#.#....
.. ##.#....##@..##.#.#.#.# ###.
##.#####.###.###.#.#.#.###
####.#[## ##.#...............#
((rooo.## ##.##.#...<÷......#.#
#######.###.....#####.#)#.###.#
##...###### #.#.#.# .# ##†.#
#.#.#.# .# #..# ########.#.#.#
.. #....[........#.#.. ..


You could see an orc priest, an orc wizard, an orc and a kobold.

Vanquished Creatures
  4 gnolls (D:3)
  3 adders
  2 oozes
  A worm (D:2)
  2 dart slugs
  A leopard gecko (D:2)
  2 orcs (D:3)
  4 bats
  4 giant cockroaches
  11 goblins
  8 hobgoblins
  3 jackals (D:1)
  4 kobolds
  A ball python (D:1)
  4 frilled lizards
  8 rats
62 creatures vanquished.

Notes
Turn   | Place    | Note
-------+----------+-------------------------------------------
     0 | D:1      | Decritt the Gargoyle Fighter began the quest for the Orb.
     0 | D:1      | Reached XP level 1. HP: 14/14 MP: 1/1
   257 | D:1      | Reached XP level 2. HP: 19/19 MP: 2/2
   426 | D:1      | Reached XP level 3. HP: 17/23 MP: 3/3
   779 | D:1      | You fall into a shaft and drop 1 floor!
   779 | D:2      | Found a burning altar of Makhleb.
  1044 | D:2      | Reached XP level 4. HP: 29/29 MP: 4/4
  1297 | D:2      | Found a snail-covered altar of Cheibriados.
  1386 | D:2      | You fall into a shaft and drop 1 floor!
  1839 | D:3      | Reached XP level 5. HP: 30/33 MP: 5/5
  2046 | D:3      | Killed from afar by an orc priest

Illustrated notes

Levels and vault maps discovered:
D:1:      heliophobic_arrival_battle_scene, layout_basic, serial_park_tiny_2
D:2:      layout_loops_ring, kennysheep_slug_shrine, lemuel_round_altar,
          minmay_small_reverse_x
D:3:      layout_loops_ring

Skill      XL: |  1  2  3  4 |
---------------+-------------+-----
Maces & Flails | 3 |  3.6
Armour         | 4 |  4.1
Fighting       | 4 |  4.0
Shields        | 4 |  4.1

Action                   |  1- 3 |  4- 6 || total
-------------------------+-------+-------++-------
Melee: Flail             |   143 |    64 ||   207
       Whip              |       |    63 ||    63
Throw: Dart              |       |    39 ||    39
Armor: Scale mail        |   111 |    74 ||   185
Dodge: Dodged            |    64 |    41 ||   105
Block: Kite shield       |   101 |    59 ||   160

Table legend: (Time is in decaauts)
 A = Elapsed time spent in this place.
 B = Non-inter-level travel time spent in this place.
 C = Inter-level travel time spent in this place.
 D = Time resting spent in this place.
 E = Time spent auto-exploring this place.
 F = Levels seen in this place.
 G = Mean time per level.
                   A        B        C        D        E       F      G
               +--------+--------+--------+--------+--------+-----+--------+
         Total |   2122 |   2096 |     26 |      0 |   1483 |   3 |  707.3 |
       Dungeon |   2122 |   2096 |     26 |      0 |   1483 |   3 |  707.3 |
               +--------+--------+--------+--------+--------+-----+--------+

Top non-repeatable levels by time:
     D:1: 950 daAuts
     D:2: 856 daAuts
     D:3: 316 daAuts
